 Dungeon Crawl Stone Soup version 0.30-a0-576-g89cddaab80 (webtiles) character file.

Game seed: 17126203544462271488

178 wormed the Shooter (level 5, -2/27 HPs)
             Began as a Spriggan Hunter on Dec 31, 2022.
             Slain by Terence
             ... wielding a +0 mace
              (9 damage)
             ... on level 2 of the Dungeon.
             The game lasted 00:02:27 (1855 turns).

wormed the Shooter (Spriggan Hunter)                Turns: 1855, Time: 00:02:28

Health: -2/27      AC:  2    Str:  7    XL:     5   Next: 32%
Magic:  6/6        EV: 19    Int: 10    God:
Gold:   100        SH:  0    Dex: 21    Spells: 4/4 levels left

rFire   . . .      SeeInvis +    a - +0 shortbow
rCold   . . .      Faith    +    (shield currently unavailable)
rNeg    . . .      Spirit   .    c - +0 robe
rPois   .          Reflect  .    (helmet restricted)
rElec   .          Harm     .    (no cloak)
rCorr   .          Rampage  .    (gloves unavailable)
Will    .....                    (boots unavailable)
Stlth   +++                      k - amulet of faith
HPRegen 0.24/turn                i - ring of flight
MPRegen 0.10/turn                (no ring)

@: flying, very quick
A: very small, no large weapons, unfitting armour, see invisible, speed 3
a: no special abilities


You were on level 2 of the Dungeon.
You visited 1 branch of the dungeon, and saw 3 of its levels.

You collected 100 gold pieces.

Inventory:

Hand Weapons
 a - a +0 shortbow (weapon)
Missiles
 l - 2 throwing nets
Armour
 c - a +0 robe (worn)
Jewellery
 i - a ring of flight (left hand)
 k - an amulet of faith (around neck)
Scrolls
 b - 3 scrolls of immolation
 d - 2 scrolls of fear {unknown}
 e - a scroll of amnesia {unknown}
 f - a scroll of blinking {unknown}
 g - 2 scrolls of enchant weapon {unknown}
 h - a scroll of poison {unknown}
 j - a scroll of identify {unknown}
 m - a scroll of teleportation {unknown}
 n - a scroll of enchant armour {unknown}
Potions
 o - a potion of heal wounds {unknown}


   Skills:
 + Level 2.4 Fighting
 * Level 5.2 Ranged Weapons
 + Level 4.1 Dodging
 + Level 3.9 Stealth


You had 4 spell levels left.
You didn't know any spells.
Your spell library was empty.

Dungeon Overview and Level Annotations

Branches:
Dungeon (3/15)

Altars:

Annotations:
D:2 Terence
D:3 Grinder


Innate Abilities, Weirdness & Mutations

You are very small and have problems with some larger weapons.
You are too small for most types of armour.
You have supernaturally acute eyesight. (SInv)
You cover ground extremely quickly. (Speed+++)


Message History

Terence is moderately wounded.
You shoot an arrow. The arrow barely misses Terence.
Terence says, "Don't bother to defend, it's senseless."
You shoot an arrow. The arrow hits Terence.
Terence is heavily wounded.
Terence zaps a wand.
The puff of flame hits you!
Terence zaps a wand.
The puff of flame misses you.
You shoot an arrow. The arrow hits Terence.
Terence is heavily wounded.
You shoot an arrow. The arrow closely misses Terence.
You shoot an arrow.
The arrow hits Terence but does no damage.
Terence is heavily wounded.
You shoot an arrow. The arrow closely misses Terence.
Terence says, "How do you enjoy it?"
There is a stone staircase leading up here.
Terence zaps a wand.
The puff of flame misses you.
You fly upwards.
There is a stone staircase leading down here.
You see here a +0 club.
Terence zaps a wand.
The puff of flame hits you.
You shoot an arrow.
The arrow hits Terence but does no damage.
Terence is heavily wounded.
You shoot an arrow. The arrow hits Terence.
Terence is almost dead.
You shoot an arrow.
The arrow hits Terence but does no damage.
Terence is almost dead.
Terence zaps a wand.
The puff of flame hits you!
* * * LOW HITPOINT WARNING * * *
You are too injured to fight recklessly!
Fire: a) +0 shortbow
Press: ? - help, Q - select action, (/) - cycle Shift-Dir - straight line, f/p - Terence
Aim: Terence, wielding a +0 mace, wearing a +0 ring mail and carrying a wand of flame (12) (almost dead, 69% to hit)
You shoot an arrow.
The arrow hits Terence but does no damage.
Terence is almost dead.
Terence hits you with a +0 mace!
You die...

####.###### #.#<. #.........#
#.#.. #####
#.........##########.#.# ####...#
#.................##.#.. ..##...#
####+##...........##.#..
.......######.##...........##.#.#
†).....'..............>....##.#.#
....)..####.#.##...........##.#..
.......# #.#..)@@............###
..#########.####...........######
### ###...## #.....)...........
###......# #.................
#####.....#..####'##'#'##........
#.'....##(.#..# #.##.#.##........
.[##..#.....#.###.##.#...........
...#.....⌠.....##.##.#.##########
#..##.......#..##.##...........#


You could see Terence.

Vanquished Creatures
  A howler monkey (D:2)
  4 gnolls (D:2)
  3 adders (D:2)
  A worm (D:2)
  3 dart slugs
  8 endoplasms
  2 giant cockroaches
  7 goblins
  8 hobgoblins
  4 quokkas
  6 ball pythons
  4 bats
  6 frilled lizards
  4 kobolds
  5 rats
66 creatures vanquished.

Notes
Turn   | Place    | Note
-------+----------+-------------------------------------------
     0 | D:1      | wormed the Spriggan Hunter began the quest for the Orb.
     0 | D:1      | Reached XP level 1. HP: 10/10 MP: 2/2
   129 | D:1      | Reached XP level 2. HP: 15/15 MP: 3/3
   744 | D:2      | Reached XP level 3. HP: 18/18 MP: 4/4
  1127 | D:2      | Reached XP level 4. HP: 23/23 MP: 5/5
  1333 | D:2      | Reached skill level 5 in Ranged Weapons
  1541 | D:3      | Noticed Grinder
  1698 | D:2      | Reached XP level 5. HP: 23/26 MP: 6/6
  1822 | D:3      | Noticed Terence
  1855 | D:2      | Slain by Terence

Illustrated notes

Levels and vault maps discovered:
D:1:      zaba_arrival_water, layout_basic
D:2:      minmay_skewed_foursquare, layout_basic, minmay_increasing_density
D:3:      layout_loops_cross, jmf_multi_god_temple, uniq_terence, uniq_robin,
          uniq_grinder, uniq_jessica

Skill      XL: |  1  2  3  4  5 |
---------------+----------------+-----
Stealth        | 2 3 |  3.9
Dodging        | 3 4 |  4.1
Fighting       | 2 |  2.4
Ranged Weapons | 5 |  5.2

Action                   |  1- 3 |  4- 6 || total
-------------------------+-------+-------++-------
 Fire: Shortbow          |    83 |    87 ||   170
Armor: Robe              |     1 |       ||     1
Dodge: Dodged            |     8 |    33 ||    41

Table legend: (Time is in decaauts)
 A = Elapsed time spent in this place.
 B = Non-inter-level travel time spent in this place.
 C = Inter-level travel time spent in this place.
 D = Time resting spent in this place.
 E = Time spent auto-exploring this place.
 F = Levels seen in this place.
 G = Mean time per level.
                   A        B        C        D        E       F      G
               +--------+--------+--------+--------+--------+-----+--------+
         Total |   1319 |   1234 |     85 |      0 |    868 |   3 |  439.7 |
       Dungeon |   1319 |   1234 |     85 |      0 |    868 |   3 |  439.7 |
               +--------+--------+--------+--------+--------+-----+--------+

Top non-repeatable levels by time:
     D:2: 791 daAuts
     D:1: 451 daAuts
     D:3: 76 daAuts
